 Dungeon Crawl Stone Soup version 0.23.2-1-ga50397a (webtiles) character file.

Game seed: 15003372563662010674

28 Iscandelvey the Vexing (level 3, 26/26 HPs)
             Began as a Demonspawn Arcane Marksman on Apr 20, 2019.
             Quit the game on level 1 of the Dungeon.
             The game lasted 00:03:00 (647 turns).

Iscandelvey the Vexing (Demonspawn Arcane Marksman)  Turns: 647, Time: 00:03:01

Health: 26/26      AC:  2    Str: 10    XL:     3   Next: 0%
Magic:  5/5        EV: 12    Int: 15    God:
Gold:   56         SH:  0    Dex: 13    Spells: 1/4 levels left

rFire    . . .     SeeInvis .   m - +0 club
rCold    . . .     Gourm    .   (no shield)
rNeg     . . .     Faith    .   e - +0 robe
rPois    .         Spirit   .   (no helmet)
rElec    .         Reflect  .   o - scarf {repulsion}
rCorr    .         Harm     .   (no gloves)
MR       .....                  (no boots)
Stlth    +.........             (no amulet)
HPRegen  0.08/turn              (no ring)
MPRegen  0.09/turn              (no ring)

@: repel missiles
A: hooves 1, powered by death 1
a: no special abilities


You were on level 1 of the Dungeon.
You were not hungry.

You visited 1 branch of the dungeon, and saw 1 of its levels.

You collected 56 gold pieces.

Inventory:

Hand Weapons
 a - a +0 hand crossbow
 m - a +0 club (weapon)
Missiles
 d - 27 bolts
 l - 16 stones (quivered)
Armour
 e - a +0 robe (worn)
 o - a scarf of repulsion (worn)
Jewellery
 g - an uncursed ring of stealth {unknown}
Scrolls
 b - a scroll of enchant weapon {unknown}
 c - a scroll of identify {unknown}
 i - a scroll of remove curse {unknown}
Potions
 h - a potion of heal wounds {unknown}
 k - a potion of curing {unknown}
 n - a potion of mutation {unknown}
Comestibles
 f - a ration
 j - 2 chunks of flesh


   Skills:
 - Level 1.0 Fighting
 * Level 2.1 Crossbows
 + Level 2.0 Dodging
 * Level 1.4 Spellcasting
 - Level 3.5 Hexes


You had one spell level left.
You knew the following spells:

 Your Spells              Type           Power        Failure   Level  Hunger
a - Corona                Hex            ##.....      5%          1    ##.....
b - Slow                  Hex            ##......     9%          2    ###....

Your spell library contained the following spells:

 Spells                   Type           Power        Failure   Level  Hunger
 Inner Flame              Hex/Fire       #.......     34%         3    ####...
 Portal Projectile        Hex/Tloc       #.....       34%         3    ####...
 Cause Fear               Hex            ##........   47%         4    #####..
 Leda's Liquefaction      Hex/Erth       #.........   75%         4    #####..


Dungeon Overview and Level Annotations

Branches:
Dungeon (1/15)

Altars:


Innate Abilities, Weirdness & Mutations

You have large cloven feet.
You regenerate a little health from kills.


Message History

The rat is moderately wounded.
The rat bites you.
You hit the rat.
You kill the rat!
No target in view!
You open the door.
A frilled lizard comes into view.
Found a stone staircase leading down.
There is an open door here.
The frilled lizard hisses angrily.
You hit the frilled lizard.
You kill the frilled lizard!
You have reached level 3!
Your experience leads to an increase in your attributes!
Increase (S)trength, (I)ntelligence, or (D)exterity?
You feel clever.
You feel monstrous as your demonic heritage exerts itself.
Your demonic ancestry asserts itself...
Your feet thicken and deform.
Are you sure you want to abandon this character and quit the game? (Confirm with "yes".)

#......#
##...#.########
##.##.........
#.########### #
#.# # ##'## #
##...## #
##.....## #
#@......#
######.
#.........#
.......
+....>....+
######.
#.........# #
##.......## #
##.....## #
##...## # #+##
#


There were no monsters in sight!

Vanquished Creatures
  An ooze (D:1)
  A leopard gecko (D:1)
  A bat (D:1)
  2 giant cockroaches (D:1)
  2 hobgoblins (D:1)
  4 jackals (D:1)
  2 kobolds (D:1)
  4 frilled lizards (D:1)
  2 goblins (D:1)
  3 rats (D:1)
22 creatures vanquished.

Notes
Turn   | Place    | Note
-------+----------+-------------------------------------------
     0 | D:1      | Iscandelvey the Demonspawn Arcane Marksman began the quest
                  | for the Orb.
     0 | D:1      | Reached XP level 1. HP: 15/15 MP: 2/2
   263 | D:1      | Gained mutation: You regenerate a little health from kills.
                  | [demonic ancestry]
   263 | D:1      | Reached XP level 2. HP: 21/21 MP: 3/3
   361 | D:1      | Learned a level 2 spell: Slow
   646 | D:1      | Gained mutation: You have large cloven feet. [demonic
                  | ancestry]
   646 | D:1      | Reached XP level 3. HP: 26/26 MP: 5/5
   647 | D:1      | Quit the game

Skill      XL: |  1  2 |
---------------+-------+-----
Crossbows      | 2 |  2.1
Dodging        | 2 |  2.0
Fighting       | |  1.0
Spellcasting   | |  1.4
Hexes          | |  3.5

Action                   || total
-------------------------++-------
Melee: Club              ||    12
 Fire: Hand crossbow     ||    49
Armor: Robe              ||     9
Dodge: Dodged            ||    29
